 Dungeon Crawl Stone Soup version 0.31.0 (webtiles) character file.

Game seed: 8978252162886873112

172 qw the Shooter (level 5, 0/32 HPs)
             Began as a Gargoyle Hunter on Jan 19, 2024.
             Slain by an orc
             ... wielding a +0 flail
              (1 damage)
             ... on level 3 of the Dungeon.
             The game lasted 00:00:06 (1901 turns).

qw the Shooter (Gargoyle Hunter)                    Turns: 1901, Time: 00:00:07

Health: 0/32       AC:  9    Str: 15    XL:     5   Next: 52%
Magic:  5/5        EV: 11    Int:  9    God:
Gold:   136        SH:  0    Dex: 15    Spells: 4/4 levels left

rFire   . . .        a - +0 shortbow
rCold   . . .        (shield currently unavailable)
rNeg    + . .        c - +0 leather armour
rPois   inf          j - +0 helmet
rElec   +            (no cloak)
rCorr   .            (no gloves)
SInv    .            g - +0 pair of boots
Will    .....        (no amulet)
Stlth   ++           (no ring)
HPRegen 0.25/turn    (no ring)
MPRegen 0.09/turn

%: no passive effects
@: no status effects
A: sickness immunity, AC +4, negative energy resistance 1, electricity
resistance, torment resistance 1, petrification resistance
a: no special abilities


You were on level 3 of the Dungeon.
You visited 1 branch of the dungeon, and saw 3 of its levels.

You collected 136 gold pieces.


Innate Abilities, Weirdness & Mutations

You are immune to sickness and miasma.
Your stone body is resilient. (AC +4)
You are immune to poison.
You resist negative energy. (rN+)
You are resistant to electric shocks. (rElec)
You are resistant to unholy torment.
You are immune to petrification.


   Skills:
 + Level 3.3 Fighting
 - Level 6.0 Ranged Weapons
 - Level 1.0 Armour
 - Level 1.5 Dodging
 - Level 1.1 Stealth


You had 4 spell levels left.
You didn't know any spells.
Your spell library was empty.

Inventory:

Hand Weapons
 a - a +0 shortbow (weapon)
Armour
 b - a +0 ring mail
 c - a +0 leather armour (worn)
 g - a +0 pair of boots (worn)
 j - a +0 helmet (worn)
Jewellery
 i - an amulet of regeneration
Wands
 k - a wand of iceblast (14)
Scrolls
 d - a scroll of silence {unknown}
Potions
 e - a potion of might {unknown}
 f - a potion of magic {unknown}
 h - a potion of enlightenment {unknown}

Dungeon Overview and Level Annotations

Branches:
Dungeon (3/15)

Altars:


Message History

The orc priest hits you but does no damage.
You shoot an arrow. The arrow hits the orc priest!
You kill the orc priest!
The orc hits you with a +0 falchion.
You have reached level 5!
You shoot an arrow. The arrow barely misses the orc.
The orc barely misses you.
You shoot an arrow. The arrow hits the orc priest.
The orc priest is almost dead.
The orc closely misses you. x2; The orc priest barely misses you.
You shoot an arrow.
The arrow closely misses the orc priest.
The arrow closely misses the orc.
The orc hits you with a +0 flail. The orc hits you with a +0 falchion.
The orc priest begins to cast a cantrip, but forgets the words!
You shoot an arrow. The arrow hits the orc priest.
You kill the orc priest!
The orc hits you with a +0 flail! The orc completely misses you.
Your Ranged Weapons skill increases to level 6!
You shoot an arrow. The arrow hits the orc!
You kill the orc!
The orc barely misses you. The orc hits you but does no damage.
The orc hits you with a +0 flail. The orc misses you.
You shoot an arrow. The arrow hits the orc.
The orc is heavily wounded.
The orc completely misses you. The orc barely misses you.
You shoot an arrow. The arrow closely misses the orc.
The orc barely misses you. The orc hits you with a +0 mace.
You shoot an arrow. The arrow hits the orc.
The orc is heavily wounded.
The orc hits you with a +0 flail. The orc hits you with a +0 mace.
You shoot an arrow. The arrow barely misses the orc.
The orc hits you with a +0 flail. The orc misses you.
You shoot an arrow. The arrow hits the orc!
You kill the orc!
The orc hits you with a +0 flail.
You shoot an arrow. The arrow hits the orc.
The orc is moderately wounded.
The orc hits you with a +0 flail.
You die...

77..# #.....#.# #..##.. ..###
##.#....# #..##.. ...# #...%..#
#...... ##.# ###...## #.###..
##.#### #...# #.####. ......#
#...# #.##...
##.##.######...############.##...
##.##.....(...........##....##...
...............o@.....##.#.#.....
...##..........)).....##..###....
.####.######...#####.....## ##...
......# #...# #####..###....
(###### #...# #...#.#### .# #...#
##...## .# #...# ##.## .# ....
#.# ### .# .###o #.# #..


You could see an orc.

Vanquished Creatures
  2 orc priests (D:3)
  2 adders (D:2)
  4 gnolls
  3 ribbon worms
  2 orcs (D:3)
  9 ball pythons
  3 endoplasms
  5 giant cockroaches
  5 goblins
  2 hobgoblins
  2 kobolds
  3 quokkas
  5 bats
  A frilled lizard (D:3)
  4 rats
52 creatures vanquished.

Notes
Turn   | Place    | Note
-------+----------+-------------------------------------------
     0 | D:1      | qw the Gargoyle Hunter began the quest for the Orb.
     0 | D:1      | Reached XP level 1. HP: 12/12 MP: 1/1
     0 | D:1      | 0 ||| qw: Version: 0.3-a-132-g3d54051
     0 | D:1      | 0 ||| qw: Game counter: 208
     0 | D:1      | 0 ||| qw: Melee chars always use a shield: true
     0 | D:1      | 0 ||| qw: God list: Okawaru
     0 | D:1      | 0 ||| qw: Allow faded altars: false
     0 | D:1      | 0 ||| qw: Do Orc after clearing Dungeon:15 true
     0 | D:1      | 0 ||| qw: Do second Lair branch before Depths: true
     0 | D:1      | 0 ||| qw: Lair rune preference: random
     0 | D:1      | 0 ||| qw: Goals: Normal
     0 | D:1      | 0 ||| PLANNING D:1-11
    39 | D:1      | Reached XP level 2. HP: 17/17 MP: 2/2
   424 | D:1      | Reached XP level 3. HP: 21/21 MP: 3/3
   664 | D:1      | Reached skill level 5 in Ranged Weapons
   826 | D:1      | 826 ||| UPGRADING to +0 pair of boots.
   831 | D:1      | 831 ||| UPGRADING to +0 helmet.
   836 | D:1      | 836 ||| READING scroll labelled GARGHE KODU.
   837 | D:1      | 837 ||| READING scroll labelled PUEKACHEGGO.
   838 | D:1      | 838 ||| DROPPING scroll of butterflies.
  1027 | D:2      | 1027 ||| RETREEEEATING.
  1032 | D:2      | Reached skill level 3 in Fighting
  1032 | D:2      | Reached XP level 4. HP: 28/28 MP: 4/4
  1041 | D:2      | Reached skill level 1 in Armour
  1046 | D:2      | HP: 7/28 [gnoll/+0 whip (5)]
  1048 | D:2      | 1048 ||| FLEEEEING.
  1406 | D:2      | 1406 ||| READING scroll labelled CAOKHUSUESK.
  1407 | D:2      | 1407 ||| FLEEEEING.
  1423 | D:2      | 1423 ||| READING scroll labelled SOSHIM VONEEHAUX.
  1423 | D:2      | 1423 ||| IDENTIFYING murky orange potion
  1424 | D:2      | 1424 ||| DROPPING potion of lignification.
  1888 | D:3      | 1888 ||| RETREEEEATING.
  1891 | D:3      | Reached XP level 5. HP: 24/32 MP: 5/5
  1895 | D:3      | Reached skill level 6 in Ranged Weapons
  1898 | D:3      | HP: 8/32 [orc/+0 flail (4)]
  1899 | D:3      | HP: 3/32 [orc/+0 flail (3)]
  1900 | D:3      | HP: 1/32 [orc/+0 flail (2)]
  1901 | D:3      | Slain by an orc

Levels and vault maps discovered:
D:1:      amcnicky_arrival_wind_blow, layout_loops_corners, minmay_misc_feat_iff
D:2:      layout_rooms
D:3:      layout_loops_cross, serial_bayou_crossing

Skill      XL: |  1  2  3  4  5 |
---------------+----------------+-----
Ranged Weapons | 5 6 |  6.0
Fighting       | 3 |  3.3
Armour         | 1 |  1.0
Dodging        | |  1.5
Stealth        | |  1.1

Action                     |  1- 3 |  4- 6 || total
---------------------------+-------+-------++-------
   Fire: Shortbow          |    61 |   107 ||   168
    Use: Scroll            |     2 |     2 ||     4
 Armour: Leather armour    |     2 |    53 ||    55
  Dodge: Dodged            |     1 |    56 ||    57

Table legend:
 A = Non-vault XP
 B = Vault XP
 C = Vault XP percentage of total XP
 D = Non-vault monster count
 E = Vault monster count
 F = Vault count percentage of total count
                 A         B        C        D         E       F
            +---------+---------+-------+---------+---------+-------
      Total |     246 |       0 |   0.0 |      52 |       0 |   0.0
            +---------+---------+-------+---------+---------+-------
        D:1 |      44 |       0 |   0.0 |      19 |       0 |   0.0
        D:2 |      84 |       0 |   0.0 |      13 |       0 |   0.0
        D:3 |     118 |       0 |   0.0 |      20 |       0 |   0.0
            +---------+---------+-------+---------+---------+-------
